 Dungeon Crawl Stone Soup version 0.22.1-1-ga44c0e5 (webtiles) character file.

177 imbaray the Covered (level 5, -1/46 HPs)
             Began as a Hill Orc Fighter on Oct 12, 2018.
             Was a Follower of Wu Jian.
             Slain by a small abomination (8 damage)
             ... created by the touch of Lugonu
             ... on level 3 of the Dungeon.
             The game lasted 00:04:23 (2308 turns).

imbaray the Covered (Hill Orc Fighter)              Turns: 2308, Time: 00:04:25

Health: -1/46      AC:  8    Str: 19    XL:     5   Next: 57%
Magic:  5/5        EV:  7    Int:  9    God:    Wu Jian [*.....]
Gold:   135        SH:  9    Dex: 10    Spells: 4/4 levels left

rFire    + . .     SeeInvis .   a - +0 flail
rCold    x . .     Gourm    .   c - +0 shield
rNeg     . . .     Faith    .   b - +0 scale mail
rPois    .         Spirit   .   (no helmet)
rElec    .         Reflect  .   i - +0 cloak
rCorr    .         Harm     .   (no gloves)
MR       .....                  (no boots)
Stlth    ..........             (no amulet)
HPRegen  0.15/turn              r - ring of fire (curse)
MPRegen  0.09/turn              (no ring)

@: no status effects
A: no striking features
a: Renounce Religion


You were on level 3 of the Dungeon.
You worshipped Wu Jian.
Wu Jian was aware of your devotion.
You were not hungry.

You visited 1 branch of the dungeon, and saw 3 of its levels.

You collected 135 gold pieces.

Inventory:

Hand Weapons
 a - a +0 flail (weapon)
Armour
 b - a +0 scale mail (worn)
 c - a +0 shield (worn)
 i - a +0 cloak (worn)
Jewellery
 r - a cursed ring of fire (left hand)
Scrolls
 g - 2 scrolls of teleportation {unknown}
 h - 5 scrolls of remove curse {unknown}
 j - a scroll of random uselessness {unknown}
 k - a scroll of magic mapping {unknown}
 l - a scroll of enchant armour {unknown}
 p - a scroll of enchant weapon {unknown}
 q - a scroll of immolation {unknown}
Potions
 d - a potion of might
 e - 2 potions of cancellation {unknown}
 m - a potion of curing {unknown}
 n - 2 potions of agility {unknown}
 o - a potion of heal wounds {unknown}
Comestibles
 f - 2 rations


   Skills:
 + Level 4.2 Fighting
 + Level 3.9 Maces & Flails
 + Level 4.4 Armour
 + Level 0.9 Dodging
 + Level 0.6 Stealth
 + Level 4.0 Shields


You had 4 spell levels left.
You didn't know any spells.
Your spell library was empty.

Dungeon Overview and Level Annotations

Branches:
Dungeon (3/15)

Altars:
Fedhas
Hepliaklqana
Nemelex Xobeh
Ru
Trog
Wu Jian
The Shining One


Message History

You sock the small abomination!
The small abomination is heavily damaged.
The small abomination hits you!
* * * LOW HITPOINT WARNING * * *
You hit the small abomination but do no damage.
The small abomination is heavily damaged.
You block the small abomination's attack.
You barely miss the small abomination.
The small abomination is heavily damaged.
The small abomination closely misses you.
You closely miss the small abomination.
The small abomination is heavily damaged.
The small abomination hits you but does no damage.
You sock the small abomination!
The small abomination is severely damaged.
You block the small abomination's attack.
You closely miss the small abomination.
The small abomination is severely damaged.
The small abomination hits you!
You die...

# #.
#####.###
#.......#
#.# #x#
#@# #.#
#.# #.#
... #..
... #...


You could see a small abomination.

Vanquished Creatures
  Jessica (D:3)
  3 gnolls (D:2)
  4 adders (D:2)
  4 worms
  2 dart slugs
  A leopard gecko (D:2)
  An orc (D:3)
  4 giant cockroaches
  3 goblins
  13 hobgoblins
  13 jackals
  6 kobolds
  3 bats
  3 frilled lizards (D:2)
  6 rats
67 creatures vanquished.

Notes
Turn   | Place    | Note
-------+----------+-------------------------------------------
     0 | D:1      | imbaray the Hill Orc Fighter began the quest for the Orb.
     0 | D:1      | Reached XP level 1. HP: 19/19 MP: 1/1
   134 | D:1      | Reached XP level 2. HP: 24/27 MP: 2/2
   426 | D:1      | Reached XP level 3. HP: 33/33 MP: 3/3
   710 | D:2      | Found a sacrificial altar of Ru.
   710 | D:2      | Found a hazy altar of Hepliaklqana.
   722 | D:2      | Found a faded altar of an unknown god.
   724 | D:2      | Found a blossoming altar of Fedhas.
   726 | D:2      | Found a faded altar of an unknown god.
   897 | D:2      | Reached XP level 4. HP: 32/40 MP: 4/4
  1331 | D:2      | Found a bloodstained altar of Trog.
  1331 | D:2      | Found a sparkling altar of Nemelex Xobeh.
  1431 | D:2      | Reached XP level 5. HP: 18/46 MP: 5/5
  1902 | D:2      | Became a worshipper of Nemelex Xobeh the Trickster
  1902 | D:2      | Received a gift from Nemelex Xobeh
  1902 | D:2      | Reached * piety under Nemelex Xobeh
  1911 | D:2      | Fell from the grace of Nemelex Xobeh
  1911 | D:2      | Became a worshipper of the Wu Jian Council
  1911 | D:2      | Reached * piety under Wu Jian
  2076 | D:3      | Noticed Jessica
  2078 | D:3      | Killed Jessica
  2253 | D:3      | Found a glowing golden altar of the Shining One.
  2308 | D:3      | Slain by a small abomination

Skill      XL: |  1  2  3  4  5 |
---------------+----------------+-----
Armour         | 4 |  4.4
Maces & Flails | 3 |  3.9
Fighting       | 4 |  4.2
Shields        | 4 |  4.0
Dodging        | |  0.9
Stealth        | |  0.6

Action                   |  1- 3 |  4- 6 || total
-------------------------+-------+-------++-------
Melee: Flail             |   108 |   181 ||   289
Invok: Lunge             |       |     8 ||     8
  Eat: Chunk             |       |     1 ||     1
       Ration            |       |     2 ||     2
Armor: Scale mail        |    60 |    81 ||   141
Dodge: Dodged            |    26 |    63 ||    89
Block: Shield            |    44 |    94 ||   138
